 Dungeon Crawl Stone Soup version 0.29.1-2-gbd0b4ee654 (webtiles) character file.

Game seed: 1215891896659782594

761 GorkyZ the Covered (level 7, -4/44 HPs)
             Began as a Gargoyle Fighter on Nov 25, 2022.
             Slain by a mummy (12 damage)
             ... in an ossuary.
             The game lasted 00:14:47 (5053 turns).

GorkyZ the Covered (Gargoyle Fighter)               Turns: 5053, Time: 00:14:48

Health: -4/44      AC: 16    Str: 26    XL:     7   Next: 80%
Magic:  7/7        EV:  8    Int:  7    God:
Gold:   209        SH:  4    Dex:  8    Spells: 6/6 levels left

rFire   . . .      SeeInvis .   a - +0 war axe
rCold   . . .      Faith    .   c - +0 buckler
rNeg    + . .      Spirit   .   h - +1 chain mail
rPois   ∞          Reflect  .   (no helmet)
rElec   +          Harm     .   l - +0 cloak
rCorr   .          Rampage  .   (no gloves)
Will    .....                   (no boots)
Stlth   ..........              (no amulet)
HPRegen 0.14/turn               (no ring)
MPRegen 0.10/turn               (no ring)

@: on berserk cooldown, slowed, very slow
A: sickness immunity, AC +4, negative energy resistance 1, electricity
resistance, torment resistance 1, petrification resistance, strong 1
a: no special abilities


You were in an ossuary.
You visited 1 branch of the dungeon, and saw 5 of its levels.
You also visited: Ossuary.

You collected 209 gold pieces.

Inventory:

Hand Weapons
 a - a +0 war axe (weapon)
 p - a +2 scythe of flaming
Missiles
 v - 3 atropa-tipped darts (quivered)
Armour
 b - a +0 scale mail
 c - a +0 buckler (worn)
 h - a +1 chain mail (worn)
 l - a +0 cloak (worn)
Wands
 r - a wand of iceblast (12)
Scrolls
 i - a scroll of teleportation
 j - a scroll of identify
Potions
 d - 2 potions of might
 e - a potion of mutation
 f - a potion of berserk rage
 g - 2 potions of invisibility {unknown}
 k - a potion of magic {unknown}
 m - a potion of flight {unknown}
 n - a potion of lignification {unknown}
 o - a potion of heal wounds {unknown}
 q - 2 potions of curing {unknown}
 t - a potion of haste {unknown}


   Skills:
 + Level 4.7 Fighting
 + Level 3.3 Axes
 + Level 2.6 Throwing
 + Level 4.7 Armour
 + Level 2.3 Dodging
 + Level 4.7 Shields
 + Level 2.6 Evocations


You had 6 spell levels left.
You didn't know any spells.
Your spell library contained the following spells:

 Spells                   Type           Power      Damage    Failure   Level
 Apportation              Tloc           0%         N/A       98%         1
 Gell's Gravitas          Tloc           0%         N/A       100%        3
 Teleport Other           Tloc           0%         N/A       100%        3
 Alistair's Intoxication  Tmut/Pois      0%         N/A       100%        5
 Dispersal                Tloc           0%         N/A       100%        6


Dungeon Overview and Level Annotations

Branches:
Dungeon (5/15)            Ossuary (1/1)
 Temple: D:4-7

Altars:
Hepliaklqana
Kikubaaqudgha

Shops:
D:1 [

Annotations:
D:4 1 runed translucent door, ymhsbmbesitwf's ghost, amateur GnWn


Innate Abilities, Weirdness & Mutations

You are immune to sickness and miasma.
Your stone body is resilient. (AC +4)
You are immune to poison.
You resist negative energy. (rN+)
You are resistant to electric shocks. (rElec)
You are resistant to unholy torment.
You are immune to petrification.
Your muscles are strong. (Str +4, Int/Dex -1)


Message History

The bog mummy casts a spell at you. The puff of frost misses you.
The puff of frost hits the wyvern zombie.
The wyvern zombie resists.
You slash the bog mummy!
You destroy the bog mummy!
You slash the mummy! You barely miss the mummy. You slash the wyvern zombie!
The wyvern zombie bites you!
* * * LOW HITPOINT WARNING * * *
You block the mummy's attack. The mummy closely misses you.
You enter the shallow water.
Moving in this stuff is going to be slow.
You slice the wyvern zombie!!
The wyvern zombie is almost destroyed.
You slash the withered plant!
The withered plant begins to crumble.
You closely miss the mummy. You slash the mummy!
You destroy the mummy!
The wyvern zombie bites you but does no damage.
You block the mummy's attack.
You slice the wyvern zombie!!
You destroy the wyvern zombie!
You slash the withered plant! You completely miss the mummy.
You are no longer berserk.
You are exhausted.
You feel yourself slow down.
You hit the mummy.
The mummy is severely damaged.
You slash the withered plant!
The withered plant crumbles away.
You block the mummy's attack.
Your unstable footing causes you to fumble your attack.
The mummy closely misses you.
Your unstable footing causes you to fumble your attack.
You block the mummy's attack. The mummy hits you but does no damage.
You barely miss the mummy.
The mummy is severely damaged.
The mummy barely misses you.
You barely miss the mummy.
The mummy is severely damaged.
The mummy hits you!
You die...

##### #..∩# #.∩.#
+ #...#
≈≈~##~##~##+##+##
≈≈≈P.~~~.~.~~~~..
###~~.#M@~#~~.#'#
#≈#P~.#.~.~P~.#
#≈~~##~##~##≈##
≈≈≈≈≈ # ≈# # ≈###
≈ ≈# #


You could see a mummy.

Vanquished Creatures
  Sigmund (D:4)
  A black bear (D:4)
  A phantom (D:4)
  A scorpion (D:5)
  A wyvern zombie (Ossuary)
  An orc priest (D:3)
  Jessica (D:3)
  An iguana (D:4)
  2 mummies (Ossuary)
  An orc wizard (D:4)
  3 gnolls (D:4)
  6 adders
  A worm (D:2)
  2 dart slugs
  9 orcs
  6 bats
  5 endoplasms
  3 giant cockroaches
  8 hobgoblins
  A jackal (D:1)
  4 quokkas
  7 ball pythons
  4 frilled lizards
  7 goblins
  4 kobolds
  A quokka zombie (D:5)
  4 rats
  A rat zombie (D:5)
87 creatures vanquished.

Vanquished Creatures (others)
  A plant (D:5)
  4 withered plants (Ossuary)
5 creatures vanquished.

Grand Total: 92 creatures vanquished

Notes
Turn   | Place    | Note
-------+----------+-------------------------------------------
     0 | D:1      | GorkyZ the Gargoyle Fighter began the quest for the Orb.
     0 | D:1      | Reached XP level 1. HP: 14/14 MP: 1/1
    40 | D:1      | Reached XP level 2. HP: 14/19 MP: 2/2
   245 | D:1      | Found Plog's Antique Armour Shoppe.
   760 | D:1      | Reached XP level 3. HP: 22/23 MP: 3/3
  2252 | D:2      | Reached skill level 1 in Throwing
  2252 | D:2      | Reached XP level 4. HP: 28/28 MP: 4/4
  2437 | D:3      | Reached skill level 1 in Dodging
  2437 | D:3      | Reached skill level 1 in Evocations
  2492 | D:3      | Noticed Jessica
  2499 | D:3      | Killed Jessica
  2500 | D:3      | Reached XP level 5. HP: 31/33 MP: 5/5
  2634 | D:3      | Found a faded altar of an unknown god.
  3137 | D:4      | Noticed a phantom
  3148 | D:4      | Killed a phantom
  3149 | D:4      | Reached XP level 6. HP: 21/38 MP: 6/6
  3496 | D:4      | Found an ancient bone altar of Kikubaaqudgha.
  3808 | D:4      | Found a runed translucent door.
  3815 | D:4      | Noticed ymhsbmbesitwf's ghost (amateur GnWn)
  3822 | D:4      | Noticed Sigmund
  3869 | D:4      | Gained mutation: You have sharp toenails. [potion of
                  | mutation]
  3869 | D:4      | Lost mutation: You have sharp toenails. [potion of
                  | mutation]
  3869 | D:4      | Gained mutation: Your muscles are strong. (Str +4, Int/Dex
                  | -1) [potion of mutation]
  3967 | D:4      | Noticed a black bear
  3978 | D:4      | Killed a black bear
  4187 | D:4      | Found a hazy altar of Hepliaklqana.
  4261 | D:4      | Reached XP level 7. HP: 42/43 MP: 7/7
  4504 | D:4      | Killed Sigmund
  4835 | D:5      | Entered Level 5 of the Dungeon
  4932 | D:5      | Found a sand-covered staircase.
  5022 | Ossuary  | Entered an ossuary
  5053 | Ossuary  | Slain by a mummy

Illustrated notes

Levels and vault maps discovered:
D:1:      minmay_arrival_diagonal_passages, layout_loops_corners, serial_shops,
          shop, chequers_serial_rivers_room_b, chequers_garden, st_stairs_11
D:2:      layout_basic, hangedman_glass_teeth, minmay_tetromino_s4
D:3:      layout_rooms, hellmonk_ecumenical_altar_lost_god, uniq_jessica
D:4:      minmay_evil_eye, layout_gridville, mainiacjoe_overflow_24_doors,
          kiku_gazebo_pond_becter, ebering_ghost_sewer_d, uniq_sigmund
D:5:      wad_woods_tower, layout_basic, mainiacjoe_overflow_alcove_2,
          elyvilon_altar_5, enter_ossuary_4
Ossuary:  ossuary_zaba_flooded

Skill      XL: |  1  2  3  4  5  6  7 |
---------------+----------------------+-----
Axes           | 2 3 |  3.3
Throwing       | 1 2 |  2.6
Dodging        | 1 2 |  2.3
Evocations     | 1 2 |  2.6
Fighting       | 4 |  4.7
Armour         | 4 |  4.7
Shields        | 4 |  4.7

Action                   |  1- 3 |  4- 6 |  7- 9 || total
-------------------------+-------+-------+-------++-------
Melee: War axe           |   122 |   147 |    62 ||   331
Throw: Dart              |       |     3 |       ||     3
  Use: Scroll            |       |     7 |     1 ||     8
       Potion            |       |     1 |     2 ||     3
Armor: Scale mail        |    26 |       |       ||    26
       Chain mail        |    45 |   140 |    29 ||   214
Dodge: Dodged            |    57 |    50 |    19 ||   126
Block: Buckler           |    32 |    44 |    17 ||    93
